 Dungeon Crawl Stone Soup version 0.25.1-2-g60ff931df9 (webtiles) character file.

Game seed: 2528153178886681718

37 MajorAdolf the Twirler (level 3, 0/34 HPs)
             Began as a Naga Wanderer on Oct 13, 2020.
             Slain by an adder (3 damage)
             ... on level 2 of the Dungeon.
             The game lasted 00:01:34 (1696 turns).

MajorAdolf the Twirler (Naga Wanderer)              Turns: 1696, Time: 00:01:35

Health: 0/34       AC:  2    Str: 13    XL:     3   Next: 41%
Magic:  7/7        EV:  1    Int: 12    God:
Gold:   50         SH:  0    Dex: 12    Spells: 8/8 levels left

rFire    . . .     SeeInvis +   g - +0 spear (venom)
rCold    . . .     Gourm    .   (no shield)
rNeg     . . .     Faith    .   k - +0 plate armour
rPois    +         Spirit   .   (no helmet)
rElec    .         Reflect  .   (no cloak)
rCorr    .         Harm     .   (no gloves)
MR       .....                  (no barding)
Stlth    ..........             (no amulet)
HPRegen  0.11/turn              h - -4 ring of protection (curse)
MPRegen  0.10/turn              (no ring)

@: lethally poisoned (0 -> -2), very slow
A: large, see invisible, deformed body, poison resistance, slowness 2, slow
metabolism 1, spit poison 1, AC +1
a: Spit Poison


You were on level 2 of the Dungeon.
You were hungry.

You visited 1 branch of the dungeon, and saw 2 of its levels.

You collected 50 gold pieces.

Inventory:

Hand Weapons
 a - a +2 quarterstaff
 g - a +0 spear of venom (weapon)
Armour
 d - a +0 robe
 k - a +0 plate armour (worn)
Jewellery
 h - a cursed -4 ring of protection (left hand)
Scrolls
 c - a scroll of identify
 j - 3 scrolls of remove curse {unknown}
Potions
 b - a potion of heal wounds
 e - a potion of might {unknown}
 l - a potion of degeneration {unknown}
Comestibles
 f - 2 rations
 i - 14 chunks of flesh


   Skills:
 + Level 3.0 Fighting
 - Level 3.0 Staves
 - Level 1.5 Stealth
   Level 1.0 Shields
 - Level 3.0 Spellcasting
   Level 1.0 Necromancy
   Level 1.0 Transmutations


You had 8 spell levels left.
You didn't know any spells.
Your spell library contained the following spells:

 Spells                   Type           Power        Failure   Level  Hunger
 Foxfire                  Conj/Fire      #...         100%        1    #......
 Freeze                   Ice            #...         100%        1    #......
 Mephitic Cloud           Conj/Pois/Air  #.......     100%        3    ###....
 Ozocubu's Armour         Chrm/Ice       #.......     100%        3    ###....


Dungeon Overview and Level Annotations

Branches:
Dungeon (2/15)

Altars:


Innate Abilities, Weirdness & Mutations

You cannot wear boots.
Your serpentine skin is tough. (AC +1)
You have supernaturally acute eyesight. (SInv)
Armour fits poorly on your strangely shaped body.
Your system is resistant to poisons. (rPois)
You cover ground very slowly.
You have a slow metabolism.
You can spit poison.


Message History

You feel sick. The adder bites you.
You closely miss the adder.
The adder is almost dead.
The adder looks more healthy.
The adder bites you.
* * * LOW HITPOINT WARNING * * *
The adder bites you.
* * * LOW HITPOINT WARNING * * *
Your plate armour prevents you from hitting the adder.
The adder is almost dead.
The adder bites you.
* * * LOW HITPOINT WARNING * * *
Okay, then.
You miss the adder.
The adder is almost dead.
You feel sick. The adder bites you.
* * * LOW HITPOINT WARNING * * *
You hit the adder but do no damage.
The adder is almost dead.
The adder bites you but does no damage. The adder bites you.
You die...

#..♣.♣.....###
####.##..###
♣.♣#..#
#.##..######## ♣.
#.........# #.
#.......... ..##♣.
#..........
......##..........
......S@........#.
......###########
####. #


You could see an adder.

Vanquished Creatures
  A worm (D:2)
  A dart slug (D:2)
  4 bats
  2 giant cockroaches (D:1)
  9 goblins
  3 hobgoblins (D:2)
  3 frilled lizards (D:2)
  3 kobolds (D:1)
  4 rats
30 creatures vanquished.

Notes
Turn   | Place    | Note
-------+----------+-------------------------------------------
     0 | D:1      | MajorAdolf the Naga Wanderer began the quest for the Orb.
     0 | D:1      | MajorAdolf set off with the following items: a +2
                  | quarterstaff, a +0 robe, a ration; and the following spells
                  | available to memorise: Foxfire, Freeze, Mephitic Cloud,
                  | Ozocubu's Armour
     0 | D:1      | Reached XP level 1. HP: 15/15 MP: 4/4
   208 | D:1      | Reached skill level 1 in Fighting
   370 | D:1      | Reached XP level 2. HP: 23/25 MP: 6/6
  1480 | D:2      | Reached XP level 3. HP: 26/33 MP: 7/7
  1696 | D:2      | Slain by an adder

Illustrated notes

Levels and vault maps discovered:
D:1:      dpeg_arrival_refuge, layout_basic
D:2:      layout_basic, minmay_overflow_temple_star_hex, serial_forest,
          infiniplex_forest_corner_2, infiniplex_forest_clump_diagonal,
          infiniplex_forest_zigzag_1, infiniplex_forest_clump_long,
          infiniplex_forest_lined_4_way, infiniplex_forest_clump_small,
          infiniplex_forest_lined_3, infiniplex_forest_zigzag_1, first_ration,
          grunt_qazlal_clouds, uniq_sigmund, uniq_robin, uniq_terence

Skill      XL: |  1  2  3 |
---------------+----------+-----
Fighting       | 1 2 3 |  3.0
Staves         | |  3.0
Stealth        | |  1.5
Shields        | |  1.0
Spellcasting   | |  3.0
Necromancy     | |  1.0
Transmutations | |  1.0

Action                   || total
-------------------------++-------
Melee: Spear             ||    86
       Quarterstaff      ||     3
 Abil: Spit Poison       ||     2
  Use: Scroll            ||     3
 Stab: Sleeping          ||     2
  Eat: Chunk             ||     1
Armor: Robe              ||     4
       Plate armour      ||    10
Dodge: Dodged            ||    12
